 Dungeon Crawl Stone Soup version 0.30.0-29-ga12c61a403 (webtiles) character file.

Game seed: 3072920903420312137

443 seaoflcl the Ducker (level 6, -4/61 HPs)
             Began as a Troll Fighter on June 4, 2023.
             Was an Initiate of Trog.
             Slain by Dowan
             ... wielding a +0 dagger
              (6 damage)
             ... on level 4 of the Dungeon.
             The game lasted 00:06:08 (2253 turns).

seaoflcl the Ducker (Troll Fighter)                 Turns: 2253, Time: 00:06:09

Health: -4/61      AC:  5    Str: 27    XL:     6   Next: 71%
Magic:  5/5        EV:  9    Int:  4    God:    Trog [......]
Gold:   101        SH:  8    Dex:  9    Spells: 5/5 levels left

rFire   + . .        a - +0 war axe
rCold   . . .        c - +0 kite shield
rNeg    . . .        b - +0 robe
rPois   .            (helmet restricted)
rElec   .            e - +0 cloak
rCorr   .            (gloves unavailable)
SInv    .            (boots unavailable)
Will    .....        s - amulet of the acrobat
Stlth   +            u - ring of protection from fire
HPRegen 1.10/turn    (no ring)
MPRegen 0.09/turn

%: acrobat
@: no status effects
A: large, unfitting armour, claws 3, regeneration 1, shaggy fur 1, tough skin 1
a: Renounce Religion


You were on level 4 of the Dungeon.
You worshipped Trog.
Trog was noncommittal.
You visited 1 branch of the dungeon, and saw 4 of its levels.

You collected 101 gold pieces.

Inventory:

Hand Weapons
 a - a +0 war axe (weapon)
 w - the +8 dagger of Foolhardiness {holy, Str+2}
   (You found it on level 3 of the Dungeon)

   Str:       It affects your strength (+2).
 y - the +7 staff of the Meek {protect, meekguard}
   (You found it on level 3 of the Dungeon)
Missiles
 t - 4 silver boomerangs (quivered)
Armour
 b - a +0 robe (worn)
 c - a +0 kite shield (worn)
 e - a +0 cloak (worn)
 f - a +0 ring mail
 h - a +0 pair of boots
 i - a +0 leather armour
 l - a +0 animal skin
Jewellery
 s - an amulet of the acrobat (around neck)
 u - a ring of protection from fire (left claw)
 x - a ring of flight
Wands
 B - a wand of light (8)
Scrolls
 g - a scroll of brand weapon {unknown}
 j - 2 scrolls of immolation {unknown}
 k - 3 scrolls of identify {unknown}
 m - a scroll of blinking {unknown}
 n - 2 scrolls of fear {unknown}
 p - a scroll of torment {unknown}
 r - a scroll of amnesia {unknown}
 v - a scroll of enchant armour {unknown}
Potions
 d - 2 potions of might
 o - a potion of attraction {unknown}
 q - a potion of curing {unknown}
 z - a potion of degeneration {unknown}
 A - a potion of haste {unknown}


   Skills:
 + Level 3.3 Fighting
 * Level 1.3 Short Blades
 - Level 3.6 Axes
 + Level 3.8 Dodging
 + Level 3.7 Shields


You had 5 spell levels left.
You didn't know any spells.
Your spell library was empty.

Dungeon Overview and Level Annotations

Branches:
Dungeon (4/15)
 Temple: D:4-7

Altars:
Okawaru
Qazlal
Trog

Annotations:
D:4 Dowan, Duvessa


Innate Abilities, Weirdness & Mutations

You are too large for most types of armour.
You have claws for hands.
Your natural rate of healing is unusually fast.
You are covered in fur. (AC +1)
You have tough skin. (AC +1)


Message History

Duvessa gestures with her weapon.
Duvessa hits you with a +2 short sword of freezing!
Duvessa freezes you.
There is a stone staircase leading up, spattered with blood here.
You slash Duvessa!
Duvessa is heavily wounded.
You block Duvessa's attack.
Duvessa says, "My weaknesses are his strengths!"
You block Duvessa's attack.
You hit Duvessa.
Duvessa is heavily wounded.
You barely miss Dowan.
Duvessa hits you with a +2 short sword of freezing!
Duvessa freezes you.
Dowan points at Duvessa and mumbles some strange words.
Duvessa seems to speed up.
You hit Duvessa.
Duvessa is severely wounded.
You hit Dowan.
Duvessa hits you with a +2 short sword of freezing.
Duvessa freezes you. Dowan barely misses you. You block Duvessa's attack.
Dowan hits you but does no damage.
You hit Duvessa.
Duvessa is severely wounded.
You hit Dowan.
Duvessa hits you with a +2 short sword of freezing!
Duvessa freezes you.
Duvessa hits you with a +2 short sword of freezing.
* * * LOW HITPOINT WARNING * * *
Duvessa freezes you.
* * * LOW HITPOINT WARNING * * *
Dowan casts a spell at you. The puff of flame hits you. You resist.
* * * LOW HITPOINT WARNING * * *
Duvessa hits you with a +2 short sword of freezing!
* * * LOW HITPOINT WARNING * * *
Duvessa freezes you.
* * * LOW HITPOINT WARNING * * *
Dowan hits you with a +0 dagger.
You die...

.... .... .
...#... ..
...#..
...##..#.#
.......#.###
#....>.).
#..e.# #@e#
#...>.....
#.##......
..# #.....
#..# .....
...# ....
..#.. ##.
#####.


You could see Duvessa (fast) and Dowan.

Vanquished Creatures
  Sigmund (D:2)
  A phantom (D:3)
  An orc priest (D:3)
  Ijyb (D:3)
  Robin (D:2)
  4 adders
  A shadow imp (D:3)
  A worm (D:3)
  4 dart slugs
  6 orcs (D:3)
  5 ball pythons
  8 endoplasms
  3 giant cockroaches
  17 goblins
  9 hobgoblins
  3 quokkas
  7 bats
  A frilled lizard (D:3)
  6 kobolds
  8 rats
88 creatures vanquished.

Notes
Turn   | Place    | Note
-------+----------+-------------------------------------------
     0 | D:1      | seaoflcl the Troll Fighter began the quest for the Orb.
     0 | D:1      | Reached XP level 1. HP: 22/22 MP: 0/0
   159 | D:1      | Reached XP level 2. HP: 29/29 MP: 1/1
   459 | D:1      | Reached XP level 3. HP: 36/36 MP: 2/2
   704 | D:2      | Noticed Sigmund
   721 | D:2      | Killed Sigmund
   722 | D:2      | Reached XP level 4. HP: 33/44 MP: 3/3
   722 | D:2      | Reached XP level 5. HP: 40/52 MP: 4/4
   755 | D:2      | Noticed Robin
   770 | D:2      | Killed Robin
  1631 | D:3      | Reached XP level 6. HP: 41/61 MP: 5/5
  1656 | D:3      | Identified the +8 dagger of Foolhardiness {holy, Str+2}
  1735 | D:3      | Found a stormy altar of Qazlal.
  1739 | D:3      | Found a bloodstained altar of Trog.
  1740 | D:3      | Found an iron altar of Okawaru.
  1755 | D:3      | Became a worshipper of Trog the Wrathful
  1980 | D:3      | Reached skill level 1 in Short Blades
  2009 | D:3      | Found the +7 staff of the Meek {protect, meekguard}
  2101 | D:3      | Noticed Ijyb
  2120 | D:3      | Killed Ijyb
  2184 | D:4      | Noticed Duvessa
  2184 | D:4      | Noticed Dowan
  2253 | D:4      | HP: 2/61 [Duvessa/+2 short sword of freezing (3)]
  2253 | D:4      | Slain by Dowan

Illustrated notes

Levels and vault maps discovered:
D:1:      dpeg_arrival_stone_temple_mockup, layout_loops_ring
D:2:      layout_basic, corexii_corridor_pit, minmay_door_square, uniq_sigmund,
          uniq_robin
D:3:      layout_basic, grunt_temple_overflow_open, pf_guarded_unrand_meek,
          uniq_ijyb
D:4:      layout_rooms, kennysheep_mini, worldfamousw_hep_ancestral_shrine,
          uniq_duvessa

Skill      XL: |  1  2  3  4  5  6 |
---------------+-------------------+-----
Axes           | 2 3 |  3.6
Dodging        | 3 |  3.8
Shields        | 3 |  3.7
Fighting       | 3 |  3.3
Short Blades   | 1 |  1.3

Action                     |  1- 3 |  4- 6 || total
---------------------------+-------+-------++-------
  Melee: War axe           |   101 |   103 ||   204
         Dagger            |       |    69 ||    69
   Stab: Sleeping          |       |     1 ||     1
 Armour: Robe              |    58 |    43 ||   101
  Dodge: Dodged            |    48 |    64 ||   112
  Block: Kite shield       |    43 |    55 ||    98
